 Dungeon Crawl Stone Soup version 0.24.1 (webtiles) character file.

Game seed: 5296718401027201685, levelgen mode: deterministic

98 nightchill the Stinger (level 4, -2/26 HPs)
             Began as a Gargoyle Venom Mage on Mar 26, 2020.
             Killed from afar by an orc wizard (4 damage)
             ... with a puff of flame
             ... on level 3 of the Dungeon.
             The game lasted 00:08:39 (2644 turns).

nightchill the Stinger (Gargoyle Venom Mage)        Turns: 2644, Time: 00:08:42

Health: -2/26      AC:  6    Str: 12    XL:     4   Next: 69%
Magic:  0/7        EV: 12    Int: 16    God:
Gold:   171        SH:  0    Dex: 10    Spells: 1/7 levels left

rFire    . . .     SeeInvis .   a - +0 mace
rCold    . . .     Gourm    .   (no shield)
rNeg     + . .     Faith    .   p - +0 robe
rPois    ∞         Spirit   .   (no helmet)
rElec    +         Reflect  .   (no cloak)
rCorr    .         Harm     .   (no gloves)
MR       .....                  j - +0 pair of boots
Stlth    ++........             (no amulet)
HPRegen  0.08/turn              (no ring)
MPRegen  0.10/turn              (no ring)

@: very slightly contaminated
A: negative energy resistance 1, electricity resistance, unbreathing,
petrification resistance, rot immunity, AC +3
a: no special abilities


You were on level 3 of the Dungeon.
You were very hungry.

You visited 1 branch of the dungeon, and saw 3 of its levels.

You collected 171 gold pieces.

Inventory:

Hand Weapons
 a - a +0 mace (weapon)
 b - a +0 hunting sling
 k - a +0 dagger of protection
Missiles
 l - 105 stones (quivered)
 q - 7 atropa-tipped darts
Armour
 j - a +0 pair of boots (worn)
 p - a +0 robe (worn)
 x - a +2 pair of gloves of strength
Magical Staves
 w - an uncursed staff of conjuration
Jewellery
 f - an uncursed ring of poison resistance
Scrolls
 d - a scroll of noise
 m - a scroll of random uselessness {unknown}
 n - a scroll of identify
 t - a scroll of magic mapping {unknown}
 u - a scroll of teleportation {unknown}
 v - a scroll of immolation {unknown}
Potions
 e - a potion of mutation {unknown}
 g - a potion of brilliance {unknown}
 h - a potion of ambrosia {unknown}
 i - 2 potions of curing {unknown}
 o - a potion of haste {unknown}
 r - a potion of flight {unknown}
Comestibles
 c - 5 rations
 s - a chunk of flesh


   Skills:
 + Level 2.0 Fighting
 * Level 2.0 Maces & Flails
 - Level 1.5 Dodging
 - Level 2.1 Stealth
 - Level 2.0 Spellcasting
 - Level 1.1 Conjurations
 * Level 4.2 Poison Magic


You had one spell level left.
You knew the following spells:

 Your Spells              Type           Power        Failure   Level  Hunger
a - Sting                 Conj/Pois      ##..         7%          1    #......
b - Poisonous Vapours     Pois/Air       #.....       13%         2    ###....
c - Mephitic Cloud        Conj/Pois/Air  #.......     30%         3    ###....

Your spell library contained the following spells:

 Spells                   Type           Power        Failure   Level  Hunger
 Olgreb's Toxic Radiance  Pois           ###.....     36%         4    #####..
 Venom Bolt               Conj/Pois      ##........   88%         5    ######.


Dungeon Overview and Level Annotations

Branches:
Dungeon (3/15)

Altars:
Kikubaaqudgha


Innate Abilities, Weirdness & Mutations

You are resistant to torment.
Your stone body is resilient. (AC +3)
You are immune to poison.
You resist negative energy. (rN+)
You are resistant to electric shocks. (rElec)
You can survive without breathing.
You are immune to petrification.
You are immune to rotting.


Message History

Something hits you but does no damage.
You hit something but do no damage. Something hits you but does no damage.
You aren't carrying any items that you can evoke.
You completely miss something. Something hits you but does no damage.
Something hits you.
* * * LOW HITPOINT WARNING * * *
Casting: Mephitic Cloud (safe; 30% risk of failure)
Confirm with . or Enter, or press ? or * to list all spells.
You can't see any susceptible monsters within range! (Use Z to cast anyway.)
Casting: Mephitic Cloud (safe; 30% risk of failure)
Confirm with . or Enter, or press ? or * to list all spells.
Aiming: Mephitic Cloud (safe; 30% risk of failure)
Press: ? - help, Shift-Dir - straight line You miscast Mephitic Cloud.
You feel mildly nauseous.
You are feeling very hungry.
Something hits you but does no damage.
You hear some strange, mumbled words.
A puff of flame appears from out of thin air!
The puff of flame hits you.
You die...

####......####...........#
# ...###.......).......<#
..###########.......<.#
#... .### #.........# ..##
..# #.######### ##.# #.#
###÷# #..# #.####...# ###
..#######..#...###...#
#........>...>.{@....#
..#########..#####...# ..#
#.....# ### ... ....#.#...
..# ..##...##### ... .
#.### ..# .. ..# ..


There were no monsters in sight!

Vanquished Creatures
  4 adders (D:2)
  2 dart slugs (D:1)
  A leopard gecko (D:2)
  3 orcs (D:3)
  5 giant cockroaches
  3 goblins
  3 hobgoblins
  4 jackals (D:1)
  7 bats
  4 frilled lizards
  10 kobolds
  9 rats
  4 rat zombies (D:3)
59 creatures vanquished.

Notes
Turn   | Place    | Note
-------+----------+-------------------------------------------
     0 | D:1      | nightchill the Gargoyle Venom Mage began the quest for the
                  | Orb.
     0 | D:1      | Reached XP level 1. HP: 10/10 MP: 3/3
   210 | D:1      | Reached XP level 2. HP: 16/16 MP: 3/5
   232 | D:1      | Learned a level 2 spell: Poisonous Vapours
   258 | D:1      | Reached skill level 1 in Fighting
   901 | D:1      | Reached XP level 3. HP: 20/20 MP: 6/6
  1008 | D:2      | Learned a level 3 spell: Mephitic Cloud
  1275 | D:2      | Reached skill level 1 in Maces & Flails
  1858 | D:2      | Reached skill level 4 in Poison Magic
  1858 | D:2      | Reached XP level 4. HP: 22/26 MP: 5/7
  2524 | D:3      | Found an ancient bone altar of Kikubaaqudgha.
  2644 | D:3      | Killed from afar by an orc wizard

Levels and vault maps discovered:
D:1:      dpeg_arrival_three_smaller_balls, layout_basic
D:2:      layout_loops_cross, nicolae_overflow_hidden_temple, first_ration,
          minmay_split_cup_large
D:3:      layout_rooms, lemuel_zombie_altar_kikubaaqudgha, old_standard_altar,
          portal_sewer_entry_a, tgw_sif

Skill      XL: |  1  2  3  4 |
---------------+-------------+-----
Fighting       | 1 2 |  2.0
Maces & Flails | 1 2 |  2.0
Poison Magic   | 4 |  4.2
Dodging        | |  1.5
Stealth        | |  2.1
Spellcasting   | |  2.0
Conjurations   | |  1.1

Action                   |  1- 3 |  4- 6 || total
-------------------------+-------+-------++-------
Melee: Unarmed           |    11 |       ||    11
       Club              |    16 |       ||    16
       Dagger            |     2 |       ||     2
       Short sword       |     2 |       ||     2
       Mace              |    20 |    60 ||    80
 Fire: Hunting sling     |       |     2 ||     2
 Cast: Sting             |    36 |     5 ||    41
       Poisonous Vapours |     1 |     5 ||     6
  Use: Scroll            |       |     3 ||     3
 Stab: Sleeping          |       |     1 ||     1
  Eat: Chunk             |     4 |     2 ||     6
Armor: Robe              |    53 |    29 ||    82
Dodge: Dodged            |    93 |    32 ||   125
